 Dungeon Crawl Stone Soup version 0.23.2 (webtiles) character file.

Game seed: 3358821358453496467

2837 Borgoz the Cutter (level 9, -6/56 HPs)
             Began as a Gargoyle Fighter on Mar 31, 2019.
             Was an Initiate of Ashenzari.
             Mangled by a gnoll
             ... wielding a +0 halberd
              (7 damage)
             ... while paralysed by a gnoll
             ... on level 7 of the Dungeon.
             The game lasted 00:13:39 (6170 turns).

Borgoz the Cutter (Gargoyle Fighter)                Turns: 6170, Time: 00:13:39

Health: -6/56      AC: 13    Str: 19    XL:     9   Next: 74%
Magic:  9/9        EV:  2    Int: 10    God:    Ashenzari [......]
Gold:   294        SH:  0    Dex: 12    Spells: 8/8 levels left

rFire    + . .     SeeInvis .   p - +0 dagger (elec)
rCold    . . .     Gourm    .   (no shield)
rNeg     + . .     Faith    .   o - +1 ring mail {rF+}
rPois    ∞         Spirit   .   (no helmet)
rElec    +         Reflect  .   (no cloak)
rCorr    .         Harm     .   (no gloves)
MR       .....                  (no boots)
Stlth    +++.......             (no amulet)
HPRegen  0.18/turn              l - ring of stealth
MPRegen  0.11/turn              (no ring)

@: paralysed, berserk cooldown, slowed
A: negative energy resistance 1, electricity resistance, unbreathing,
petrification resistance, rot immunity, AC +6
a: Curse Item, Renounce Religion


You were on level 7 of the Dungeon.
You worshipped Ashenzari.
Ashenzari was noncommittal.
You were hungry.

You visited 2 branches of the dungeon, and saw 8 of its levels.

You collected 294 gold pieces.

Inventory:

Hand Weapons
 a - a +0 rapier
 p - a +0 dagger of electrocution (weapon)
Missiles
 B - 9 tomahawks (quivered)
Armour
 c - a +0 shield
 o - a +1 ring mail of fire resistance (worn)
Jewellery
 l - a ring of stealth (left hand)
 y - an uncursed ring of fire
Wands
 e - a wand of digging (7)
 g - a wand of polymorph (6)
 D - a wand of paralysis (10)
Scrolls
 d - a scroll of blinking {unknown}
 j - 2 scrolls of remove curse
 k - a scroll of fog
 v - a scroll of magic mapping
 w - a scroll of teleportation {unknown}
 A - a scroll of fear
Potions
 b - a potion of lignification
 i - 2 potions of brilliance
 q - 2 potions of curing
 r - 2 potions of magic
 t - a potion of resistance
 u - 2 potions of cancellation {unknown}
 z - a potion of mutation
Comestibles
 f - 9 rations
 n - 3 chunks of flesh


   Skills:
 + Level 6.3 Fighting
 * Level 6.6 Short Blades
 + Level 6.3 Armour
 * Level 5.7 Dodging
 + Level 5.4 Stealth
 - Level 3.6 Shields


You had 8 spell levels left.
You didn't know any spells.
Your spell library was empty.

Dungeon Overview and Level Annotations

Branches:
Dungeon (7/15)             Temple (1/1) D:4

Altars:
Ashenzari
Cheibriados
Dithmenos
Elyvilon
Fedhas
Gozag
Hepliaklqana
Kikubaaqudgha
Makhleb
Nemelex Xobeh
Okawaru
Qazlal
Ru
Sif Muna
Trog
Uskayaw
Vehumet
Wu Jian
Xom
Yredelemnul
Zin
The Shining One

Shops:
D:4 =   D:7 }


Innate Abilities, Weirdness & Mutations

You are resistant to torment.
Your stone body is resilient. (AC +6)
You are immune to poison.
You resist negative energy. (rN+)
You are resistant to electric shocks. (rElec)
You can survive without breathing.
You are immune to petrification.
You are immune to rotting.


Message History

You suddenly lose the ability to move!
The gnoll hits you from afar with a +0 halberd!
The gnoll hits you but does no damage. The gnoll hits you with a +0 halberd!
The gnoll hits you with a +0 halberd. The gnoll hits you with a +0 spear.
The gnoll hits you but does no damage. The gnoll barely misses you.
The gnoll hits you but does no damage. The gnoll barely misses you. x2
You are no longer berserk.
You feel yourself slow down.
The gnoll hits you with a +0 halberd! x2
* * * LOW HITPOINT WARNING * * *
The gnoll hits you but does no damage.
The gnoll hits you from afar with a +0 halberd.
* * * LOW HITPOINT WARNING * * *
The gnoll hits you but does no damage. The gnoll hits you with a +0 halberd.
* * * LOW HITPOINT WARNING * * *
The gnoll hits you but does no damage.
The gnoll hits you from afar with a +0 halberd.
* * * LOW HITPOINT WARNING * * *
The gnoll hits you with a +0 halberd!
You die...

#..........############.
*#..........# ##
#..........##
*#..........#
#..........##
*#..........#
*..........###
**............##
*,,..#.....@...#**
**,,,*#....gggg...#*
**,,>**#....<.......#*
*,,,** #.............*
**** *,,,*
#.............* *,,*
*,,** #.............*
**,,, **,**
##...#.......#* *,,,,
*,,* #...#.......#
**,,,, ****
*,,,*,,,,,,** *,,,,,


You could see 4 gnolls.

Vanquished Creatures
  Pikel (D:7)
  A hippogriff (D:7)
  Sigmund (D:4)
  Edmund (D:4)
  2 ice beasts
  4 slaves (D:7)
  A necrophage (D:6)
  4 centaurs
  5 bullfrogs
  2 wyvern zombies (D:6)
  3 howler monkeys
  A crimson imp (D:5)
  A quasit (D:7)
  2 bullfrog zombies
  A bullfrog skeleton (D:4)
  A hound (D:6)
  6 orc wizards
  3 orc priests
  2 iguanas
  2 worker ants
  A hound zombie (D:6)
  A hound skeleton (D:6)
  Robin (D:4)
  8 adders
  An adder zombie (D:6)
  An ooze (D:3)
  An adder skeleton (D:4)
  3 worms (D:2)
  3 dart slugs
  4 leopard geckos
  24 orcs
  7 giant cockroaches
  21 goblins
  10 hobgoblins
  9 jackals
  3 kobolds
  3 quokkas
  2 ball pythons
  12 bats
  4 frilled lizards
  A jackal zombie (D:6)
  2 quokka zombies (D:6)
  10 rats
176 creatures vanquished.

Notes
Turn   | Place    | Note
-------+----------+-------------------------------------------
     0 | D:1      | Borgoz the Gargoyle Fighter began the quest for the Orb.
     0 | D:1      | Reached XP level 1. HP: 14/14 MP: 1/1
   106 | D:1      | Reached XP level 2. HP: 19/19 MP: 2/2
   214 | D:1      | Reached XP level 3. HP: 14/23 MP: 3/3
   371 | D:1      | Reached skill level 1 in Dodging
  1090 | D:2      | Reached XP level 4. HP: 29/29 MP: 4/4
  1455 | D:2      | Found a stormy altar of Qazlal.
  1905 | D:3      | Reached XP level 5. HP: 33/33 MP: 5/5
  2021 | D:3      | Found a white marble altar of Elyvilon.
  2100 | D:3      | Reached skill level 1 in Stealth
  2509 | D:4      | Noticed Robin
  2518 | D:4      | Noticed Edmund
  2527 | D:4      | Killed Robin
  2545 | D:4      | Killed Edmund
  2545 | D:4      | Reached XP level 6. HP: 9/38 MP: 6/6
  2923 | D:4      | Noticed Sigmund
  2931 | D:4      | Killed Sigmund
  2931 | D:4      | Reached XP level 7. HP: 44/44 MP: 7/7
  3074 | D:4      | Found Igudedig's Jewellery Boutique.
  3075 | D:4      | Found a staircase to the Ecumenical Temple.
  3102 | Temple   | Entered the Ecumenical Temple
  3256 | Temple   | Became a worshipper of Ashenzari the Shackled
  3505 | D:5      | Entered Level 5 of the Dungeon
  4007 | D:5      | Reached XP level 8. HP: 36/48 MP: 8/8
  4097 | D:6      | Reached skill level 5 in Fighting
  4097 | D:6      | Reached skill level 5 in Armour
  4394 | D:6      | Reached skill level 5 in Short Blades
  4680 | D:6      | Found a snail-covered altar of Cheibriados.
  5421 | D:7      | Reached XP level 9. HP: 55/55 MP: 9/9
  5571 | D:7      | Found Achepp's Gadget Shop.
  5576 | D:7      | Noticed Pikel
  5611 | D:7      | Killed Pikel
  5611 | D:7      | Reached skill level 5 in Dodging
  5640 | D:7      | Reached skill level 5 in Stealth
  6164 | D:7      | Paralysed by a gnoll for 6 turns
  6170 | D:7      | HP: 1/56 [gnoll/+0 halberd (3)]
  6170 | D:7      | Mangled by a gnoll

Skill      XL: |  1  2  3  4  5  6  7  8  9 |
---------------+----------------------------+-----
Short Blades   | 2 3 4 5 6 |  6.6
Dodging        | 1 2 3 4 5 |  5.7
Stealth        | 1 2 3 4 5 |  5.4
Fighting       | 4 5 6 |  6.3
Armour         | 4 5 6 |  6.3
Shields        | |  3.6

Action                   |  1- 3 |  4- 6 |  7- 9 || total
-------------------------+-------+-------+-------++-------
Melee: Rapier            |   118 |       |       ||   118
       Dagger            |       |   206 |   425 ||   631
  Use: Potion            |       |     1 |     7 ||     8
       Scroll            |       |       |    13 ||    13
 Stab: Sleeping          |       |     3 |     3 ||     6
       Invisible         |       |       |     5 ||     5
  Eat: Chunk             |     1 |     5 |    11 ||    17
Armor: Scale mail        |    47 |    21 |       ||    68
       Ring mail         |       |    89 |   179 ||   268
Dodge: Dodged            |    40 |    87 |   273 ||   400
Block: Shield            |    66 |    30 |       ||    96
